Arrhythmia, neutral female human Tourist ----- #@################ +...| # # |..<| ##########....| # # -.-.- ### Arrhythmia the Excursionist Experience level: 7 Strength: 14 Dexterity: 12 Constitution: 17 Intelligence: 13 Wisdom: 7 Charisma: 16 Health: 0(55) Energy: 20(20) AC: -2 Gold: 690 Moves: 2003 Your Inventory: Coins $ - 690 gold pieces Weapons a - 11 uncursed +2 darts (in quiver) C - an [uncursed +0] dagger (weapon in hand) G - 7 [uncursed +0] darts U - 11 [blessed +0] darts X - 4 [uncursed +1] darts Armor l - an uncursed +0 Hawaiian shirt (being worn) p - a [blessed] +1 chain mail of speed (being worn) K - a [blessed] +1 hooded cloak [dwarvish] (being worn) Q - an [uncursed] +0 hard hat [dwarvish iron helm] (being worn) S - a [blessed] +1 pair of hard shoes [iron] (being worn) Comestibles b - 2 uncursed Hot Futa Mare Dicks c - 3 uncursed tripe rations d - 4 uncursed food rations f - an uncursed cram ration g - an uncursed tin of lichen t - an [uncursed] lichen corpse u - an [uncursed] tin [of large kobold meat] F - an [uncursed] melon Scrolls e - 2 [uncursed] unlabeled scrolls [of blank paper] i - a [blessed] unlabeled scroll [of blank paper] j - 3 uncursed scrolls of magic mapping k - a blessed scroll of magic mapping s - a [blessed] scroll labeled ABRA KA DABRA [of remove curse] B - an [uncursed] scroll labeled NR 9 [of destroy armor] Potions h - a blessed potion of extra healing W - an [uncursed] golden potion [of healing] Rings D - a [cursed] tiger eye ring [of teleportation] Tools m - an uncursed expensive camera (0:60) n - an uncursed credit card q - an [uncursed] magic flute [0:3] w - an [uncursed] tin whistle A - 6 [uncursed tallow] candles I - an [uncursed] tin opener O - an [uncursed wax] candle Gems o - an [uncursed] green gem [worthless glass] E - 4 [uncursed] blue gems [worthless glass] H - an [uncursed] white gem [opal] P - an [uncursed] violet gem [amethyst] Y - 2 [uncursed] white gems [diamond] Z - an [uncursed] yellowish brown gem [worthless glass] Spells known in the end: Name Level Category Fail Memory a - magic missile 2 attack 100% [||||||||] Your skills at the end: Fighting Skills Weapon Skills dagger [Basic / Expert] dart [Basic / Expert] Spellcasting Skills Final Attributes: You were devoutly aligned. Hunger level was 486. Your alignment was 19 / 20. Monster difficulty range was 1 - 6. Level difficulty was 6. You were very fast. You were lucky (1). You are dead. Vanquished creatures: a housecat a bugbear 2 yellow lights 4 gnome lords a gnomish wizard a red naga hatchling a paper golem 2 giant ants a kitten 8 dwarves 2 homunculi 11 killer bees an acid blob a gas spore a hobbit 2 manes a cave spider 2 brown molds 33 gnomes a gecko 5 jackals a fox a kobold a grid bug 4 lichens a newt 90 creatures vanquished. Voluntary challenges: You were an atheist. You used a wielded weapon 177 times. You read items or engraved 32 times. You put on armor 12 times. You never genocided any monsters. You never polymorphed an object. You never changed form. You used no wishes. You wrote Elbereth's name 22 times. You never encountered a bones level. You never used any Sokoban shortcuts. Dungeon overview: The Dungeons of Doom: levels 1 to 2 Level 1 some fountains a long staircase Level 2 a fountain stairs to The Gnomish Mines The Gnomish Mines: levels 3 to 6 Level 3 stairs to The Dungeons of Doom Level 6 <- You were here History has recorded: On T:1 you entered the Dungeons of Doom to retrieve the Amulet of Yendor! On T:346 you reached level 2 of The Dungeons of Doom. On T:362 you advanced to experience level 2. On T:472 you reached level 1 of The Gnomish Mines. On T:477 you advanced to experience level 3. On T:508 you advanced to experience level 4. On T:614 you advanced to experience level 5. On T:859 you advanced to experience level 6. On T:1149 you reached level 2 of The Gnomish Mines. On T:1522 you reached level 3 of The Gnomish Mines. On T:1532 you advanced to experience level 7. On T:1983 you reached level 4 of The Gnomish Mines. Latest messages: You see here a dagger. (2x) You see here 2 daggers. [HP+1=48] [HP+1=49] [HP+1=50] Partly explored, can't reach some places. Where do you want to travel to? Never mind. Where do you want to travel to? [HP+1=51] [HP+1=52] You hear a door open. (2x) [HP+1=53] [HP+1=54] You hear a nearby zap. Hit points restored. [HP+1=55] You hear a horn being played. The bolt of cold hits you! [HP-22=33] You hear a horn being played. The bolt of cold hits you! You die... Final status: Aloha Arrhythmia the Tourist... You died in The Gnomish Mines on dungeon level 6 with 1527 points, and 690 pieces of gold, after 2003 moves. You were level 7 with a maximum of 55 hit points when you died.